 Dungeon Crawl Stone Soup version 0.30.1-11-g7821555f0a (webtiles) character file.

Game seed: 8887148580090541028

273 comborobin the Slasher (level 6, -1/37 HPs)
             Began as a Tengu Delver on Dec 4, 2023.
             Was an Initiate of Okawaru.
             Slain by a bullfrog (5 damage)
             ... on level 7 of the Dungeon.
             The game lasted 00:01:45 (441 turns).

comborobin the Slasher (Tengu Delver)                Turns: 441, Time: 00:01:46

Health: -1/37      AC:  3    Str: 12    XL:     6   Next: 23%
Magic:  7/7        EV: 14    Int: 11    God:    Okawaru [......]
Gold:   25         SH:  0    Dex: 17    Spells: 5/5 levels left

rFire   . . .        a - +0 falchion
rCold   . . .        (no shield)
rNeg    . . .        b - +0 leather armour
rPois   .            (helmet restricted)
rElec   .            (no cloak)
rCorr   .            (no gloves)
SInv    .            (boots unavailable)
Will    .....        (no amulet)
Stlth   +++          (no ring)
HPRegen 0.26/turn    (no ring)
MPRegen 0.10/turn

%: no passive effects
@: flying quickly and evasively, quick
A: beak, talons 3, nimble flight
a: Renounce Religion


You were on level 7 of the Dungeon.
You worshipped Okawaru.
Okawaru was noncommittal.
You visited 2 branches of the dungeon, and saw 4 of its levels.

You collected 25 gold pieces.

Inventory:

Hand Weapons
 a - a +0 falchion (weapon)
Missiles
 d - 2 poisoned darts (quivered)
Armour
 b - a +0 leather armour (worn)
Wands
 g - a wand of digging (3)
Scrolls
 c - a scroll of fog
 e - a scroll of fear
 h - a scroll of brand weapon {unknown}
 i - a scroll of noise {unknown}
 j - a scroll of identify {unknown}


   Skills:
 - Level 3.0 Fighting
 + Level 7.0 Long Blades
 - Level 2.1 Dodging
 - Level 5.0 Stealth


You had 5 spell levels left.
You didn't know any spells.
Your spell library contained the following spells:

 Spells                   Type           Power      Damage    Failure   Level
 Stone Arrow              Conj/Erth      0%         3d7       80%         3
 Lehudib's Crystal Spear  Conj/Erth      0%         10d2      100%        8
 Animate Armour           Summ/Erth      Unusable   N/A       N/A         4

Dungeon Overview and Level Annotations

Branches:
Dungeon (7/15)             Temple (1/1) D:6

Altars:
Ashenzari
Cheibriados
Dithmenos
Elyvilon
Gozag
Hepliaklqana
Kikubaaqudgha
Makhleb
Nemelex Xobeh
Okawaru
Qazlal
Ru
Sif Muna
Uskayaw
Vehumet
Wu Jian
Xom
Zin
The Shining One


Innate Abilities, Weirdness & Mutations

You have a beak for a mouth.
You have claws for feet.
Your magical nature lets you fly swiftly and evasively.


Message History

The centaur shouts!
The bullfrog gives a loud, deep croak!
The bullfrog hits you but does no damage.
The centaur wields a +0 shortbow.
The centaur shoots an arrow.
The arrow misses you. The bullfrog misses you.
The bullfrog attacks as you move away! The bullfrog barely misses you.
The centaur unwields a +0 shortbow.
The centaur hits you. The centaur kicks you. The centaur hits you.
The centaur closely misses you. The bullfrog barely misses you.
You slash the centaur! You peck the centaur, but do no damage.
The centaur is moderately wounded.
The centaur misses you.
The centaur kicks you but does no damage.
The bullfrog barely misses you.
You hit the centaur. You claw the centaur. You peck the centaur.
The centaur is severely wounded.
The bullfrog barely misses you. The centaur hits you.
The centaur barely misses you.
You hit the centaur. You claw the centaur.
The centaur is almost dead.
The bullfrog hits you. The centaur misses you. The centaur barely misses you.
The bullfrog misses you. The centaur barely misses you. The centaur kicks you.
You hit the centaur.
You kill the centaur!
Okawaru accepts your kill. The bullfrog barely misses you.
Your Long Blades skill increases to level 7!
You have reached level 6!
You closely miss the bullfrog. The bullfrog hits you. x2
You hit the bullfrog.
The bullfrog is moderately wounded.
The bullfrog hits you.
You barely miss the bullfrog.
You claw the bullfrog, but do no damage.
The bullfrog is moderately wounded.
The bullfrog hits you! x2
* * * LOW HITPOINT WARNING * * *
You closely miss the bullfrog. You peck the bullfrog.
The bullfrog is moderately wounded.
The bullfrog hits you.
You die...

#............
##$...<.......
###.........(...
.....#.......... .
##..##.......... #..
##.##...|.......
#...#...............
....................
.##...@F..........#
.....##)..........#
.... .....#.......
... ......##......
#.##...# #.... ..
#.... #.. ... ...#..
#.. ..###.


You could see a bullfrog.

Vanquished Creatures
  A black bear (D:6)
  A centaur (D:7)
  A scorpion (D:6)
  A hound (D:6)
  2 adders (D:6)
6 creatures vanquished.

Notes
Turn   | Place    | Note
-------+----------+-------------------------------------------
     0 | D:5      | comborobin the Tengu Delver began the quest for the Orb.
     0 | D:5      | Reached XP level 1. HP: 14/14 MP: 2/2
     7 | D:6      | Reached skill level 3 in Long Blades
     7 | D:6      | Reached XP level 2. HP: 19/19 MP: 3/3
    95 | D:6      | Reached skill level 4 in Long Blades
    95 | D:6      | Reached XP level 3. HP: 11/23 MP: 4/4
   197 | D:6      | Noticed a phantom
   248 | D:6      | Noticed a black bear
   257 | D:6      | Killed a black bear
   258 | D:6      | Reached skill level 5 in Long Blades
   258 | D:6      | Reached XP level 4. HP: 16/28 MP: 5/5
   258 | D:6      | Gained mutation: Your magical nature lets you fly swiftly
                  | and evasively. [Tengu growth]
   258 | D:6      | Reached XP level 5. HP: 18/32 MP: 6/6
   317 | D:6      | Found a staircase to the Ecumenical Temple.
   321 | Temple   | Entered the Ecumenical Temple
   321 | Temple   | Found a transporter.
   321 | Temple   | Found a transporter.
   323 | Temple   | Found a transporter.
   323 | Temple   | Found a transporter.
   359 | Temple   | Became a worshipper of Warmaster Okawaru
   406 | D:6      | Reached skill level 6 in Long Blades
   429 | D:7      | Noticed a centaur
   437 | D:7      | Killed a centaur
   438 | D:7      | Reached skill level 7 in Long Blades
   438 | D:7      | Reached XP level 6. HP: 27/37 MP: 7/7
   441 | D:7      | Slain by a bullfrog

Illustrated notes

Levels and vault maps discovered:
D:5:      layout_basic, mainiacjoe_overflow_concentric_impassable,
          nicolae_goblin_pals
D:6:      kennysheep_spiral_hall, layout_cave_pools, minmay_temple_entry_grid,
          serial_column_ruins, column_ruins_hut, column_ruins_hut,
          column_ruins_open_small, column_ruins_open_small, column_ruins_grid_1,
          column_ruins_grid_1, column_ruins_grid_1
D:7:      layout_cave_pools
Temple:   hellmonk_temple_divided_pantheon

Skill      XL: |  1  2  3  4  5 |
---------------+----------------+-----
Long Blades    | 3 4 5 7 |  7.0
Fighting       | |  3.0
Dodging        | |  2.1
Stealth        | |  5.0

Action                     |  1- 3 |  4- 6 || total
---------------------------+-------+-------++-------
  Melee: Falchion          |    11 |     8 ||    19
         Peck              |     5 |     3 ||     8
         Kick              |     2 |     3 ||     5
  Throw: Dart              |       |     2 ||     2
    Use: Potion            |     2 |       ||     2
         Scroll            |     1 |       ||     1
   Stab: Sleeping          |     1 |       ||     1
 Armour: Leather armour    |    11 |     2 ||    13
  Dodge: Dodged            |    11 |    14 ||    25
